 Dungeon Sprint DCSS version 0.21-a0-110-g8e1637b (webtiles) character file.

15288 minicreteconcrete the Swashbuckler (level 12, 0/85 HPs)
             Began as a Kobold Hunter on July 7, 2017.
             Was a High Priest of Trog.
             Hit by a large rock thrown by a stone giant (44 damage)
             ... in the Dungeon (Sprint IX: "|||||||||||||||||||||||||||||").
             The game lasted 00:15:18 (1033 turns).

minicreteconcrete the Swashbuckler (Kobold Hunter)  Turns: 1033, Time: 00:15:19

Health: 0/85       AC: 10    Str: 12    XL:     12   Next: 55%
Magic:  14/14      EV: 26    Int: 13    God:    Trog [*****.]
Gold:   86         SH:  0    Dex: 23    Spells: 11/11 levels left

rFire    . . .     SeeInvis .   a - +3 arbalest (freeze)
rCold    . . .     Gourm    .   (shield currently unavailable)
rNeg     . . .     Faith    .   u - +0 troll leather armour
rPois    .         Spirit   .   F - +0 helmet
rElec    .         Reflect  .   q - +0 cloak
rCorr    .         Harm     .   V - +1 pair of gloves
MR       .....     NoTele   +   (no boots)
Stlth    ++++++....             (no amulet)
HPRegen  0.64/turn              s - +3 ring of dexterity
MPRegen  0.14/turn              t - +3 ring of dexterity

@: no status effects
A: carnivore 3
a: Berserk, Trog's Hand, Brothers in Arms, Burn Spellbooks, Renounce Religion


You were in the Dungeon.
You worshipped Trog.
Trog was extremely pleased with you.
You were not hungry.

You visited 1 branch You collected 1818 gold pieces.
You spent 1732 gold pieces at shops.

Inventory:

Hand Weapons
 a - a +3 arbalest of freezing (weapon)
 b - a +6 quick blade
 p - a +0 short sword
 z - a +0 arbalest
 C - a +2 rapier of draining
 G - a +1 hand crossbow
 H - the +12 rapier of Gravity {pierce, rN+ Str+4, unknown}
   (Trog gifted it to you in the Dungeon)

   It inflicts extra damage upon your enemies.
   It affects your strength (+4).
   It protects you from negative energy.
 I - a +6 quick blade
 O - a +7 blowgun
 U - the +7 demon trident "Urrosche" {pierce, Int+2}
   (You found it in the Dungeon)

   It inflicts extra damage upon your enemies.
   It affects your intelligence (+2).
Missiles
 d - 212 bolts (quivered)
 P - 5 curare-tipped needles
Armour
 c - a +0 leather armour
 q - a +0 cloak (worn)
 r - a +1 scale mail
 u - a +0 troll leather armour (worn)
 E - a +0 pair of gloves
 F - a +0 helmet (worn)
 V - a +1 pair of gloves (worn)
 W - a +2 chain mail of poison resistance
Magical Staves
 o - an uncursed staff of energy
Jewellery
 s - a +3 ring of dexterity (left hand)
 t - a +3 ring of dexterity (right hand)
 Q - an uncursed ring of stealth
 R - an uncursed ring of protection from magic
 S - an uncursed ring of ice
 T - an uncursed ring of see invisible
Wands
 n - a wand of iceblast (7/15)
 N - a wand of lightning (15/15)
Scrolls
 k - 3 scrolls of blinking
 m - 5 scrolls of remove curse
 x - 2 scrolls of enchant armour
 y - a scroll of fog
 A - 4 scrolls of enchant weapon
 B - a scroll of identify
Potions
 e - 2 potions of curing
 g - 10 potions of heal wounds
 h - a potion of haste
 i - 4 potions of magic
 j - a potion of invisibility
 v - a potion of might
 D - a potion of flight
 X - 2 potions of agility
 Y - a potion of mutation
 Z - a potion of resistance
Books
 w - the Almanac of the Frostbite and Venom
   (You found it in the Dungeon)

   Spells                             Type                      Level
   a - Freeze                         Ice                          1
   b - Ensorcelled Hibernation        Hexes/Ice                    2
   c - Throw Icicle                   Conjuration/Ice              4
   d - Ice Form                       Ice/Transmutation            4
   e - Olgreb's Toxic Radiance        Poison                       4
   f - Metabolic Englaciation         Hexes/Ice                    5
   Trog disapproves of the use of such an item.
Miscellaneous
 J - a lightning rod (4/4)
 K - a lamp of fire
 L - a phial of floods
 M - a box of beasts
Comestibles
 f - 13 meat rations
 l - 5 chunks of flesh


   Skills:
 + Level 14.0 Fighting
 + Level 18.7 Short Blades
 * Level 18.3 Crossbows
 + Level 8.5 Armour
 + Level 12.3 Dodging
 + Level 12.8 Stealth
 + Level 3.1 Evocations


You had 11 spell levels left.
You didn't know any spells.

Dungeon Overview and Level Annotations

Branches:
Dungeon (1/1)

Altars:
Cheibriados
Dithmenos
Elyvilon
Fedhas
Gozag
Hepliaklqana
Kikubaaqudgha
Makhleb
Nemelex Xobeh
Okawaru
Qazlal
Ru
Sif Muna
Trog
Uskayaw
Vehumet
Wu Jian
Xom
Yredelemnul
Zin
The Shining One
Beogh
Jiyva
Lugonu

Shops:
D *=[}


Innate Abilities, Weirdness & Mutations

You are small and have problems with some larger weapons.
You are carnivorous and can eat meat at any time.


Message History

Your lightning rod (4/4) has recharged.
Your Fighting skill increases to level 14!
Your Evocations skill increases to level 3!
d - 206 bolts (gained 1)
You see here a runed rapier {god gift}.
d - 209 bolts (gained 3)
You see here 3 large rocks.
d - 213 bolts (gained 4)
You see here a very ugly thing corpse.
Some of the chunks of flesh in your inventory have rotted away.
A stone giant comes into view.
Firing (i - inventory):
d - 213 bolts (quivered)
Press: ? - help, Shift-Dir - straight line, f - stone giant
Aim: a stone giant (hasn't noticed you)
You shoot a bolt. The stone giant shouts!
The bolt hits the stone giant but does no damage.
The stone giant throws a large rock.
The large rock hits you!!!
Ouch! That really hurt!
You die...

,*,*,*,*,*,*≈*,▓.▓.▓.▓.▓.▓.▓_▓
,*,*,*,*,*,*,*,▓.▓.▓'▓.▓.▓.▓_▓
,*,*,*,*,*,*≈*,▓(▓.▓[▓.▓'▓.▓'▓
,*,*,*,*,*,*≈*,▓)▓.▓[▓.▓.▓.▓.▓
,*,*,*,*,*,*≈*,▓)▓.▓)▓.▓†▓.▓?▓
,*,*,*,*,*,*,*,▓[▓.▓[▓.▓†▓.▓.▓
,*,*,*,*,*,*+*,▓)▓.▓)▓.▓†▓.▓)▓
,*,*,*,*,*,*,*,▓(▓.▓∩▓.▓.▓.▓[▓
,*,*,*,*,*,*,*,▓@▓.▓[▓.▓.▓.▓.▓
,*,*,*,*,*,*,*,▓(▓.▓∩▓.▓.▓.▓.▓
+*,*,*,*,*,*,*,▓(▓.▓)▓.▓.▓.▓.▓
,*,*,*,*,*,*,*,▓(▓.▓∩▓.▓[▓.▓.▓
,*,*,*,*,*,*,*,▓(▓.▓)▓.▓.▓.▓%▓
,*,*,*,*,*,*,*,▓(▓.▓∩▓.▓.▓.▓÷▓
,*,*,*,*,*,*,*,▓.▓.▓.▓.▓.▓.▓.▓
,*,*,*,*,*,*,*,▓C▓.▓.▓.▓'▓.▓.▓
,*,*,*,*,*,*+*,*,▓.▓.▓.▓%▓.▓.▓


You could see a stone giant.

Vanquished Creatures
  A very ugly thing (D)
  A fire dragon (D)
  A great orb of eyes (D)
  A hydra (D)
  An ice dragon (D)
  2 ogre magi (D)
  A deep troll shaman (D)
  Sonja (D)
  2 orc knights (D)
  An orc sorcerer (D)
  2 ugly things (D)
  A cyclops (D)
  An elephant (D)
  A spiny frog (D)
  An efreet (D)
  A troll (D)
  A hippogriff (D)
  A wraith (D)
  4 water moccasins (D)
  3 porcupines (D)
  A black bear (D)
  2 orc warriors (D)
  An eye of draining (D)
  A crocodile (D)
  2 bullfrogs (D)
  A jelly (D)
  An orc priest (D)
  A hound (D)
  2 worker ants (D)
  2 adders (D)
  A shadow imp (D)
  An adder zombie (D)
  2 orcs (D)
  A giant cockroach (D)
  A hobgoblin (D)
  A jackal (D)
  A quokka (D)
  A frilled lizard (D)
  A jackal skeleton (D)
  A kobold (D)
  A leopard gecko zombie (D)
  A quokka skeleton (D)
  A rat (D)
56 creatures vanquished.

Vanquished Creatures (collateral kills)
  An ettin (D)
  An orc high priest (D)
  6 orc knights (D)
  An orc sorcerer (D)
  2 spiny frogs (D)
  A torpor snail (D)
  A rime drake (D)
  2 polar bears (D)
  A yak (D)
  A basilisk (D)
  7 orc warriors (D)
  5 black bears (D)
  A crocodile (D)
  A bullfrog (D)
  2 orc priests (D)
  An orc wizard (D)
  11 orcs (D)
45 creatures vanquished.

Grand Total: 101 creatures vanquished

Notes
Turn   | Place    | Note
-------+----------+-------------------------------------------
     0 | D        | minicreteconcrete the Kobold Hunter began the quest for the Orb.
     0 | D        | Reached XP level 1. HP: 12/12 MP: 1/1
     5 | D        | Reached skill level 5 in Crossbows
    32 | D        | Noticed a worker ant
    34 | D        | Reached XP level 2. HP: 18/18 MP: 2/2
    38 | D        | Reached skill level 1 in Short Blades
    38 | D        | Reached XP level 3. HP: 22/22 MP: 3/3
    55 | D        | Found a roughly hewn altar of Beogh.
    55 | D        | Found a snail-covered altar of Cheibriados.
    55 | D        | Found a shadowy altar of Dithmenos.
    55 | D        | Found a white marble altar of Elyvilon.
    55 | D        | Found a blossoming altar of Fedhas.
    55 | D        | Found an opulent altar of Gozag.
    56 | D        | Found a hazy altar of Hepliaklqana.
    57 | D        | Found a viscous altar of Jiyva.
    58 | D        | Found an ancient bone altar of Kikubaaqudgha.
    59 | D        | Found a corrupted altar of Lugonu.
    60 | D        | Found a burning altar of Makhleb.
    61 | D        | Found a sparkling altar of Nemelex Xobeh.
    62 | D        | Found an iron altar of Okawaru.
    63 | D        | Found a stormy altar of Qazlal.
    64 | D        | Found a sacrificial altar of Ru.
    65 | D        | Found a deep blue altar of Sif Muna.
    66 | D        | Found a bloodstained altar of Trog.
    67 | D        | Found a hide-covered altar of Uskayaw.
    68 | D        | Found a radiant altar of Vehumet.
    69 | D        | Found an ornate altar of the Wu Jian Council.
    70 | D        | Found a shimmering altar of Xom.
    71 | D        | Found a basalt altar of Yredelemnul.
    72 | D        | Found a glowing silver altar of Zin.
    73 | D        | Found a glowing golden altar of the Shining One.
    82 | D        | Became a worshipper of Trog the Wrathful
   129 | D        | Noticed a water moccasin
   129 | D        | Noticed a troll
   155 | D        | Killed a water moccasin
   155 | D        | Reached skill level 5 in Short Blades
   155 | D        | Reached XP level 4. HP: 28/29 MP: 4/4
   155 | D        | Reached XP level 5. HP: 32/33 MP: 5/5
   163 | D        | Reached * piety under Trog
   163 | D        | Reached skill level 10 in Crossbows
   172 | D        | Killed a troll
   172 | D        | Reached skill level 5 in Fighting
   172 | D        | Reached XP level 6. HP: 40/40 MP: 6/6
   172 | D        | Reached XP level 7. HP: 44/44 MP: 7/7
   173 | D        | Reached ** piety under Trog
   224 | D        | Reached *** piety under Trog
   235 | D        | Received a gift from Trog
   235 | D        | Reached skill level 10 in Short Blades
   235 | D        | Reached skill level 5 in Stealth
   346 | D        | Identified the Almanac of the Frostbite and Venom
   363 | D        | Noticed a water moccasin
   363 | D        | Noticed a spiny frog
   363 | D        | Noticed a hippogriff
   363 | D        | Noticed a water moccasin
   364 | D        | Noticed an elephant
   365 | D        | Killed a water moccasin
   365 | D        | Reached XP level 8. HP: 52/52 MP: 8/8
   368 | D        | Received a gift from Trog
   368 | D        | Reached skill level 5 in Armour
   379 | D        | Killed a spiny frog
   385 | D        | Killed a hippogriff
   385 | D        | Reached **** piety under Trog
   390 | D        | Reached XP level 9. HP: 47/59 MP: 9/9
   401 | D        | Killed an elephant
   407 | D        | Reached ***** piety under Trog
   425 | D        | Noticed a spiny frog
   425 | D        | Noticed a torpor snail
   433 | D        | Received a gift from Trog
   438 | D        | Noticed a spiny frog
   442 | D        | Killed a spiny frog
   450 | D        | Killed a torpor snail
   451 | D        | Received a gift from Trog
   451 | D        | Reached skill level 15 in Short Blades
   453 | D        | Killed a spiny frog
   453 | D        | Reached XP level 10. HP: 59/66 MP: 10/10
   454 | D        | Noticed a rime drake
   456 | D        | Killed a rime drake
   469 | D        | Received a gift from Trog
   476 | D        | Received a gift from Trog
   479 | D        | Received a gift from Trog
   483 | D        | Reached skill level 10 in Fighting
   607 | D        | Noticed an ettin
   607 | D        | Noticed an orc knight
   612 | D        | Killed an ettin
   617 | D        | Received a gift from Trog
   619 | D        | Killed an orc knight
   619 | D        | Reached skill level 10 in Dodging
   621 | D        | Received a gift from Trog
   625 | D        | Received a gift from Trog
   646 | D        | Received a gift from Trog
   663 | D        | Noticed an orc knight
   663 | D        | Noticed an orc knight
   667 | D        | Killed an orc knight
   667 | D        | Received a gift from Trog
   668 | D        | Reached skill level 10 in Stealth
   672 | D        | Killed an orc knight
   680 | D        | Noticed an orc knight
   688 | D        | Killed an orc knight
   689 | D        | Received a gift from Trog
   690 | D        | Got a smoking rapier {god gift}
   726 | D        | Found Wualigesch's General Store.
   726 | D        | Noticed an orc knight
   726 | D        | Noticed an orc sorcerer
   726 | D        | Noticed an orc knight
   734 | D        | Killed an orc knight
   734 | D        | Reached XP level 11. HP: 74/74 MP: 11/11
   736 | D        | Killed an orc sorcerer
   738 | D        | Killed an orc knight
   739 | D        | Received a gift from Trog
   742 | D        | Found Benlay's Jewellery Shoppe.
   748 | D        | Found Buagaug's Armour Emporium.
   752 | D        | Noticed an orc knight
   756 | D        | Found Topi's Gadget Shoppe.
   757 | D        | Killed an orc knight
   759 | D        | Noticed an orc high priest
   765 | D        | Bought a scroll of magic mapping for 49 gold pieces
   769 | D        | Noticed a soul eater
   769 | D        | Killed an orc high priest
   770 | D        | Noticed an orc sorcerer
   771 | D        | Noticed an orc knight
   785 | D        | Killed an orc sorcerer
   785 | D        | Received a gift from Trog
   803 | D        | Killed an orc knight
   830 | D        | Bought a lightning rod (4/4) for 440 gold pieces
   830 | D        | Bought a lamp of fire for 440 gold pieces
   830 | D        | Bought a phial of floods for 440 gold pieces
   830 | D        | Bought a box of beasts for 220 gold pieces
   833 | D        | Bought a wand of lightning (9/15) for 143 gold pieces
   855 | D        | Noticed Sonja
   857 | D        | Killed Sonja
   947 | D        | Got the +7 demon trident "Urrosche" {pierce, Int+2}
   988 | D        | Noticed an ogre mage
   988 | D        | Noticed an ogre mage
   988 | D        | Noticed a six-headed hydra
   993 | D        | Killed an ogre mage
   993 | D        | Reached skill level 15 in Crossbows
   993 | D        | Killed an ogre mage
   994 | D        | Killed a six-headed hydra
   994 | D        | Received a gift from Trog
   994 | D        | Reached skill level 1 in Evocations
   996 | D        | Noticed a cyclops
   999 | D        | Killed a cyclops
  1003 | D        | Noticed a purple ugly thing
  1005 | D        | Noticed an ice dragon
  1008 | D        | Killed a purple ugly thing
  1008 | D        | Reached XP level 12. HP: 62/84 MP: 12/12
  1011 | D        | Killed an ice dragon
  1016 | D        | Noticed a purple very ugly thing
  1018 | D        | Noticed a fire dragon
  1020 | D        | Noticed a deep troll shaman
  1021 | D        | Killed a purple very ugly thing
  1022 | D        | Noticed a great orb of eyes
  1025 | D        | Killed a deep troll shaman
  1025 | D        | Received a gift from Trog
  1026 | D        | Killed a fire dragon
  1027 | D        | Killed a great orb of eyes
  1033 | D        | Noticed a stone giant
  1033 | D        | Hit by a large rock thrown by a stone giant

Vault maps used:
D:        linesprint

Skill      XL: |  1  2  3  4  5  6  7  8  9 10 11 12 |
---------------+-------------------------------------+-----
Crossbows      | 6 8 9 11 12 13 16 18 | 18.3
Short Blades   | 1 5 8 10 13 15 17 18 | 18.7
Dodging        | 3 4 6 7 8 9 10 11 12 | 12.3
Stealth        | 2 3 4 5 7 8 10 12 | 12.8
Fighting       | 3 5 6 7 9 11 13 14 | 14.0
Armour         | 2 3 4 6 7 8 |  8.5
Evocations     | 1 3 |  3.1

Action                   |  1- 3 |  4- 6 |  7- 9 | 10-12 || total
-------------------------+-------+-------+-------+-------++-------
Melee: Short sword       |    26 |       |       |       ||    26
       Rapier            |    22 |    15 |    92 |     6 ||   135
       Quick blade       |       |       |       |     6 ||     6
 Fire: Arbalest          |       |       |       |    57 ||    57
       Hand crossbow     |       |       |       |     8 ||     8
Invok: Berserk           |       |     1 |     1 |       ||     2
       Trog's Hand       |       |       |     2 |     6 ||     8
       Brothers in Arms  |       |       |     1 |     8 ||     9
Evoke: Lamp of fire      |       |       |       |     2 ||     2
       Lightning rod     |       |       |       |     4 ||     4
  Use: Potion            |     5 |       |     1 |       ||     6
       Scroll            |       |       |       |     2 ||     2
 Stab: Distracted        |     1 |       |       |       ||     1
       Sleeping          |       |       |     2 |     1 ||     3
  Eat: Chunk             |       |       |     4 |     5 ||     9
Armor: Leather armour    |     2 |       |       |       ||     2
       Scale mail        |    10 |     3 |       |       ||    13
       Troll leather arm |       |       |     8 |     3 ||    11
Dodge: Dodged            |    31 |    11 |    47 |    26 ||   115
